 Dungeon Crawl Stone Soup version 0.28-b1-1-g3c77fb2ed1 (webtiles) character file.

Game seed: 7571371016067110806

15176 LustLizard the Cleaver (level 11, -3/99 HPs)
             Began as a Minotaur Berserker on Jan 30, 2022.
             Was a High Priest of Trog.
             Slain by an ice beast (9 damage)
             ... summoned by Fannar
             ... on level 11 of the Dungeon.
             The game lasted 00:46:57 (13950 turns).

LustLizard the Cleaver (Minotaur Berserker)        Turns: 13950, Time: 00:46:58

Health: -3/99      AC: 10    Str: 25    XL:     11   Next: 98%
Magic:  0/10       EV:  7    Int:  6    God:    Trog [*****.]
Gold:   678        SH:  0    Dex:  9    Spells: 10/10 levels left

rFire   . . .      SeeInvis .   p - +4 hand axe (venom)
rCold   . . .      Faith    .   (no shield)
rNeg    . . .      Spirit   +   f - +0 plate armour
rPois   +          Reflect  .   (helmet restricted)
rElec   .          Harm     .   (no cloak)
rCorr   .          Rampage  .   (no gloves)
Will    +....                   O - +2 pair of boots {Stlth+}
Stlth   ..........              q - amulet of guardian spirit
HPRegen 0.26/turn               k - ring of poison resistance
MPRegen 0.12/turn               w - ring of willpower

@: corroded
A: horns 2, retaliatory headbutt
a: Renounce Religion, Berserk, Trog's Hand, Brothers in Arms


You were on level 11 of the Dungeon.
You worshipped Trog.
Trog was extremely pleased with you.
You visited 1 branch of the dungeon, and saw 11 of its levels.

You collected 678 gold pieces.

Inventory:

Hand Weapons
 p - a +4 hand axe of venom (weapon)
Missiles
 i - 196 stones (quivered)
 r - 8 boomerangs
 L - 9 poisoned darts
 M - 4 atropa-tipped darts
Armour
 f - a +0 plate armour (worn)
 l - a +0 kite shield
 o - a +2 ring mail of fire resistance
 O - a +2 pair of boots of stealth (worn)
Jewellery
 a - a ring of fire
 b - a ring of protection from fire
 c - an amulet of faith
 k - a ring of poison resistance (left hand)
 q - an amulet of guardian spirit (around neck)
 w - a ring of willpower (right hand)
 Q - a +6 ring of strength
Wands
 A - a wand of polymorph (8)
 E - a wand of iceblast (21)
 F - a wand of acid (10)
 H - a wand of flame (11)
 K - a wand of digging (5)
Scrolls
 d - 2 scrolls of blinking
 g - a scroll of fear
 h - a scroll of holy word
 n - a scroll of enchant weapon {unknown}
 t - 5 scrolls of immolation
 u - 2 scrolls of brand weapon {unknown}
 x - a scroll of noise {unknown}
 y - 3 scrolls of teleportation
 z - 3 scrolls of magic mapping {unknown}
 C - a scroll of enchant armour
 D - a scroll of amnesia
 G - 5 scrolls of vulnerability
 I - a scroll of torment
Potions
 e - 6 potions of haste
 j - a potion of resistance
 m - a potion of magic
 s - 2 potions of flight
 B - a potion of mutation
 J - a potion of might
 P - 4 potions of ambrosia
Miscellaneous
 N - a tin of tremorstones (2/2)


   Skills:
 + Level 9.8 Fighting
 * Level 13.1 Axes
 - Level 7.1 Throwing
 - Level 2.4 Armour
 - Level 2.1 Dodging
 * Level 12.0 Shields
 * Level 7.2 Evocations


You had 10 spell levels left.
You didn't know any spells.
Your spell library was empty.

Dungeon Overview and Level Annotations

Branches:
Dungeon (11/15)            Temple (0/1) D:5            Lair (0/6) D:10
    Orc (0/2) D:9

Altars:
Kikubaaqudgha

Shops:
D:4 ?

Annotations:
D:11 Fannar


Innate Abilities, Weirdness & Mutations

You have a pair of horns on your head.
You reflexively headbutt those who attack you in melee.


Message History

You feel invigorated.
You throw a stone.
Fannar casts a spell.
The ice beast hits you but does no damage.
You're too confused to move!
Fannar gestures wildly while chanting.
The ice beast hits you but does no damage.
You bump into the rock wall.
Fannar hits you with a +0 quarterstaff of freezing.
Fannar freezes you.
The ice beast hits you but does no damage.
Fannar gestures wildly while chanting.
The ice beast hits you. The ice beast freezes you. The ice beast hits you.
The ice beast freezes you!
Fannar mumbles some strange words.
Fannar drains the heat from the surrounding environment!
* * * LOW HITPOINT WARNING * * *
The ice beast closely misses you.
You bump into the rock wall.
The ice beast hits you but does no damage.
Fannar barely misses you. The ice beast hits you.
* * * LOW HITPOINT WARNING * * *
The ice beast freezes you!
* * * LOW HITPOINT WARNING * * *
The ice beast hits you.
* * * LOW HITPOINT WARNING * * *
The ice beast freezes you!
* * * LOW HITPOINT WARNING * * *
Okay, then.
The ice beast barely misses you. The ice beast hits you.
* * * LOW HITPOINT WARNING * * *
The ice beast freezes you!
* * * LOW HITPOINT WARNING * * *
Okay, then.
You bump into the rock wall.
You feel less invigorated.
You feel less confused. The ice beast hits you.
* * * LOW HITPOINT WARNING * * *
The ice beast freezes you!
You die...

#.......#
#.
#.......#
#.
#.......#
#.
#!......#
#.
#.......#
.'.
#.......+
##.
#.......#
#.
#YY.....#
#@Ye....#
#########


You could see Fannar and 3 ice beasts.

Vanquished Creatures
  4 two-headed ogres
  A tengu warrior (D:8)
  The ghost of ChongLi the Unseen, a novice DDNe of Nemelex Xobeh (D:9)
  The ghost of Fractals the Ogre Mage, a novice OgWz of Sif Muna (D:7)
  Psyche (D:8)
  A komodo dragon (D:10)
  4 trolls
  A queen bee (D:11)
  2 hornets
  Grinder (D:3)
  A shadow (D:11)
  2 wraiths
  6 yaks (D:8)
  5 steam dragons
  A swamp drake (D:9)
  3 sky beasts
  4 necrophages
  7 orc warriors
  4 ice beasts (D:9)
  A hornet zombie (D:8)
  5 black bears
  4 centaurs
  3 ogres
  A phantom (D:5)
  A kobold brigand (D:10)
  2 gnoll sergeants
  5 bullfrogs
  3 wyvern zombies
  2 scorpions
  A wyvern skeleton (D:6)
  4 jellies
  29 killer bees
  7 wights
  6 centaur zombies
  5 orc priests
  A human zombie (D:8)
  2 hounds
  3 centaur skeletons
  2 iguanas
  10 orc wizards
  2 centaur simulacra (D:9)
  4 howler monkey zombies
  15 gnolls
  A howler monkey skeleton (D:6)
  6 adders
  4 white imps
  2 howler monkey simulacra
  An adder zombie (D:5)
  3 worms
  3 dart slugs
  41 orcs
  3 bats
  5 endoplasms
  5 giant cockroaches
  7 goblins
  5 hobgoblins
  7 jackals
  5 quokkas
  7 ball pythons
  2 frilled lizards
  5 kobolds
  5 rats
285 creatures vanquished.

Vanquished Creatures (others)
  A sky beast (D:10)
  14 fungi (D:10)
  18 plants
33 creatures vanquished.

Grand Total: 318 creatures vanquished

Notes
Turn   | Place    | Note
-------+----------+-------------------------------------------
     0 | D:1      | LustLizard the Minotaur Berserker began the quest for the
                  | Orb.
     0 | D:1      | Reached XP level 1. HP: 19/19 MP: 0/0
   169 | D:1      | Found a faded altar of an unknown god.
   391 | D:1      | Reached skill level 4 in Axes
   453 | D:1      | Reached XP level 2. HP: 26/27 MP: 1/1
  1058 | D:2      | Reached XP level 3. HP: 33/33 MP: 2/2
  1178 | D:2      | Reached skill level 1 in Throwing
  1182 | D:2      | Reached skill level 5 in Axes
  1183 | D:2      | Reached XP level 4. HP: 24/41 MP: 3/3
  2052 | D:3      | Reached skill level 1 in Shields
  2052 | D:3      | Reached XP level 5. HP: 47/47 MP: 4/4
  2097 | D:3      | Reached ** piety under Trog
  2565 | D:3      | Noticed Grinder
  2579 | D:3      | Paralysed by Grinder for 7 turns
  2586 | D:3      | Killed Grinder
  2587 | D:3      | Reached skill level 5 in Fighting
  2587 | D:3      | Reached skill level 6 in Axes
  2587 | D:3      | Reached XP level 6. HP: 44/56 MP: 5/5
  3371 | D:4      | Found Zoafo Miurph's Magic Scroll Boutique.
  3410 | D:4      | Reached XP level 7. HP: 53/61 MP: 6/6
  3742 | D:5      | Entered Level 5 of the Dungeon
  3936 | D:5      | Reached skill level 7 in Axes
  4380 | D:5      | Found a staircase to the Ecumenical Temple.
  4585 | D:6      | Reached skill level 5 in Shields
  4585 | D:6      | Reached XP level 8. HP: 70/70 MP: 7/7
  4591 | D:6      | Noticed a two-headed ogre
  4640 | D:6      | Reached skill level 5 in Throwing
  4672 | D:5      | Reached *** piety under Trog
  4673 | D:5      | Reached skill level 8 in Axes
  5395 | D:6      | Killed a two-headed ogre
  5396 | D:6      | Reached skill level 9 in Axes
  5396 | D:6      | Reached XP level 9. HP: 49/79 MP: 3/8
  5682 | D:6      | Found the +3 robe of Clouds {*Thunder rCloud rElec}
  6411 | D:7      | Reached skill level 1 in Evocations
  6565 | D:7      | Noticed a troll
  6577 | D:7      | Killed a troll
  7172 | D:7      | Found a runed translucent gate.
  7172 | D:7      | Found a runed translucent gate.
  7173 | D:7      | Found a runed translucent gate.
  7176 | D:7      | Noticed Fractals's ghost (novice OgWz)
  7270 | D:8      | Noticed a two-headed ogre
  7278 | D:8      | Killed a two-headed ogre
  7279 | D:8      | Reached skill level 10 in Axes
  7279 | D:8      | Reached XP level 10. HP: 88/88 MP: 9/9
  8396 | D:8      | Noticed a tengu warrior
  8408 | D:8      | Killed a tengu warrior
  8409 | D:8      | Reached skill level 11 in Axes
  8815 | D:8      | Found an ancient bone altar of Kikubaaqudgha.
  9095 | D:7      | Killed Fractals's ghost
  9096 | D:7      | Reached skill level 10 in Shields
  9096 | D:7      | Reached skill level 5 in Evocations
  9175 | D:9      | Noticed Psyche
  9181 | D:8      | Killed Psyche
  9529 | D:9      | Found a runed translucent gate.
  9529 | D:9      | Found a runed translucent gate.
  9529 | D:9      | Found a runed translucent gate.
  9543 | D:9      | Reached **** piety under Trog
  9626 | D:9      | Noticed ChongLi's ghost (novice DDNe)
  9639 | D:9      | Killed ChongLi's ghost
  9640 | D:9      | Reached XP level 11. HP: 95/95 MP: 10/10
 10342 | D:9      | Noticed a two-headed ogre
 10357 | D:9      | Killed a two-headed ogre
 10358 | D:9      | Reached skill level 12 in Axes
 10725 | D:9      | Found a staircase to the Orcish Mines.
 10726 | D:9      | Identified the +2 robe of Saleg {rF+ Stlth+}
 10987 | D:10     | Entered Level 10 of the Dungeon
 11182 | D:10     | Reached ***** piety under Trog
 11771 | D:10     | Noticed a two-headed ogre
 11782 | D:10     | Killed a two-headed ogre
 12428 | D:10     | Found a staircase to the Lair.
 13528 | D:11     | Reached skill level 13 in Axes
 13940 | D:11     | Noticed Fannar
 13949 | D:11     | HP: 2/99 [ice beast[Fannar] (7)]
 13950 | D:11     | Slain by an ice beast

Illustrated notes

Levels and vault maps discovered:
D:1:      roderic_dead_forest, layout_loops_ring, ebering_ecumenical_altar_webs,
          hangedman_abyss_or_decor_stabs, serial_bayou_pond_c
D:2:      layout_rooms, serial_rivers, chequers_serial_rivers_large_a,
          chequers_serial_rivers_marsh, chequers_serial_rivers_large_b,
          chequers_serial_rivers_micro_b
D:3:      layout_basic, uniq_grinder
D:4:      layout_gridville, serial_shops, shop
D:5:      layout_cave_pools, minmay_temple_entry_nine_rooms
D:6:      layout_loops_ring, kennysheep_generic_room_14
D:7:      layout_loops_ring, gammafunk_ghost_necromancy
D:8:      layout_loops_cross, lemuel_mausoleum_altar_kikubaaqudgha,
          abandoned_shop
D:9:      layout_loops_ring, erik_orc_1, gammafunk_ghost_icy, uniq_psyche
D:10:     layout_basic, grunt_lair_entry_orc_guard_hut, hangedman_misty_isle
D:11:     layout_roguey [special_room_bee], grunt_ministairs_13,
          hellmonk_bongcloud_opening, abandoned_shop,
          nicolae_hepliaklqana_hippocampus, uniq_fannar

Skill      XL: |  1  2  3  4  5  6  7  8  9 10 11 |
---------------+----------------------------------+-----
Axes           | 4 5 6 7 9 10 11 13 | 13.1
Fighting       | 4 5 7 8 9 |  9.8
Throwing       | 1 2 3 4 6 7 |  7.1
Shields        | 1 2 3 5 7 8 10 12 | 12.0
Evocations     | 2 5 7 |  7.2
Armour         | |  2.4
Dodging        | |  2.1

Action                   |  1- 3 |  4- 6 |  7- 9 | 10-12 || total
-------------------------+-------+-------+-------+-------++-------
Melee: Hand axe          |    46 |   107 |   173 |   504 ||   830
       Headbutt          |     9 |    11 |    38 |    97 ||   155
       Punch             |       |       |     2 |     7 ||     9
Throw: Stone             |    10 |    76 |    98 |   103 ||   287
       Boomerang         |       |       |     4 |       ||     4
Invok: Trog's Hand       |       |     1 |     1 |     3 ||     5
       Berserk           |       |       |     4 |     4 ||     8
Evoke: Wand              |       |       |     3 |     2 ||     5
  Use: Scroll            |       |       |     9 |     7 ||    16
       Potion            |       |       |       |     4 ||     4
Armor: Animal skin       |     3 |       |       |       ||     3
       Chain mail        |    11 |    29 |       |       ||    40
       Ring mail         |       |    14 |    20 |       ||    34
       Plate armour      |       |       |    44 |   243 ||   287
Dodge: Dodged            |    22 |    46 |    54 |   177 ||   299
